 Dungeon Crawl Stone Soup version 0.30-a0-845-g7c6808c8ce (webtiles) character file.

Game seed: 4930766314262546691

4720 jasper the Destroyer (level 10, -11/83 HPs)
             Began as a Demigod Conjurer on Mar 2, 2023.
             Mangled by an orc
             ... wielding a +0 hand axe of distortion
              (13 damage)
             ... on level 7 of the Dungeon.
             The game lasted 00:15:35 (9934 turns).

jasper the Destroyer (Demigod Conjurer)             Turns: 9934, Time: 00:15:36

Health: -11/83     AC:  4    Str:  8    XL:     10   Next: 2%
Magic:  14/23      EV: 14    Int: 32    God:
Gold:   158        SH:  0    Dex: 12    Spells: 4/21 levels left

rFire   . . .      SeeInvis +    I - staff of conjuration
rCold   . . .      Faith    .    (no shield)
rNeg    . . .      Spirit   .    J - +2 robe {Will+}
rPois   .          Reflect  .    (no helmet)
rElec   .          Rampage  .    (no cloak)
rCorr   .                        (no gloves)
Will    ++...                    (no boots)
Stlth   ++                       (no amulet)
HPRegen 0.33/turn                c - ring of see invisible
MPRegen 0.18/turn                r - ring of wizardry

@: about to teleport
A: high MP 1, forlorn, divine attributes
a: no special abilities


You were on level 7 of the Dungeon.
You visited 1 branch of the dungeon, and saw 9 of its levels.

You collected 651 gold pieces.
You spent 493 gold pieces at shops.

Inventory:

Hand Weapons
 d - a +0 spear
 k - a +1 rapier
 H - a +1 demon whip of venom
Missiles
 g - 36 stones
 j - 5 silver javelins
 n - 8 poisoned darts
Armour
 a - a +1 robe
 y - +0 swamp dragon scales
 F - +0 steam dragon scales
 J - a +2 robe of willpower (worn)
Magical Staves
 o - a staff of death
 I - a staff of conjuration (weapon)
Jewellery
 c - a ring of see invisible (left hand)
 f - a ring of resist corrosion
 r - a ring of wizardry (right hand)
Wands
 p - a wand of mindburst (9)
 t - a wand of flame (15)
 x - a wand of charming (12)
 A - a wand of roots (14)
 C - a wand of light (7)
Scrolls
 h - a scroll of enchant armour
 i - a scroll of poison
 u - a scroll of fog
 E - a scroll of vulnerability
Potions
 b - 3 potions of magic
 e - 4 potions of lignification
 l - 2 potions of heal wounds
 m - 2 potions of might
 q - 4 potions of attraction
 s - 9 potions of curing
 v - 3 potions of haste {unknown}
 w - a potion of ambrosia {unknown}
 z - a potion of flight {unknown}
 B - 2 potions of mutation {unknown}
 D - a potion of brilliance {unknown}
 L - a potion of berserk rage {unknown}


   Skills:
 + Level 6.1 Fighting
 + Level 0.7 Staves
 + Level 6.5 Dodging
 - Level 1.7 Stealth
 * Level 6.1 Spellcasting
 - Level 9.1 Conjurations


You had 4 spell levels left.
You knew the following spells:

 Your Spells              Type           Power      Damage    Failure   Level
a - Magic Dart            Conj           100%       1d8       1%          1
b - Searing Ray           Conj           100%       2d8       1%          2
d - Fulminant Prism       Conj/Hex       27%        3d14      2%          4
e - Iskenderun's Mystic   Conj/Tloc      55%        2d12      2%          4
f - Mephitic Cloud        Conj/Pois/Air  43%        N/A       1%          3
g - Tukima's Dance        Hex            9%         N/A       6%          3

Your spell library contained the following spells:

 Spells                   Type           Power      Damage    Failure   Level
 Sting                    Tmut/Pois      36%        1d4       1%          1
 Dazzling Flash           Conj/Hex       100%       N/A       1%          3
 Call Imp                 Summ           9%         N/A       2%          2
 Ensorcelled Hibernation  Hex/Ice        18%        N/A       2%          2
 Lesser Beckoning         Tloc           18%        N/A       2%          2
 Gell's Gravitas          Tloc           9%         N/A       6%          3
 Portal Projectile        Hex/Tloc       18%        N/A       6%          3
 Spider Form              Tmut/Pois      9%         N/A       6%          3
 Teleport Other           Tloc           9%         N/A       6%          3
 Anguish                  Hex/Necr       4%         N/A       17%         4
 Summon Ice Beast         Ice/Summ       9%         N/A       17%         4
 Starburst                Conj/Fire      27%        6d9       38%         6
 Blade Hands              Tmut           4%         N/A       43%         5
 Simulacrum               Ice/Necr       4%         N/A       93%         6


Dungeon Overview and Level Annotations

Branches:
Dungeon (9/15)             Temple (0/1) D:5            Lair (0/5) D:8
    Orc: D:9-12

Shops:
D:4 :   D:7 *

Annotations:
D:7 domi's ghost, novice DrTm


Innate Abilities, Weirdness & Mutations

You have an increased reservoir of magic. (+10% MP)
You shall have no god before yourself.
Your divine heritage dramatically boosts your attributes as you level up.


Message History

You closely miss the orc.
The orc is almost dead.
The orc closely misses you.
You hit the orc.
You kill the orc!
Things that are here:
a +0 short sword; a +0 chain mail The orc warrior barely misses you.
As you read the scroll labelled AMYZEI QOSETOMM, it crumbles to dust.
You assume a fearsome visage.
The orc warrior looks frightened!
It was a scroll of fear.
The orc closely misses you. Domi's ghost attacks as you move away!
Domi's ghost barely misses you. The orc barely misses you.
You closely miss domi's ghost.
The orc hits you with a +0 hand axe of distortion.
Space warps around you. Domi's ghost misses you.
The orc hits you with a +0 hand axe of distortion.
Space warps horribly around you!!
* * * LOW HITPOINT WARNING * * *
Domi's ghost closely misses you.
You take 25 damage, and have 22/83 hp.
MASSIVE DAMAGE!!
Press: ? - help, v - describe, . - travel
Here: domi's ghost The floor.
Hit: I) staff of conjuration
Press: ? - help, Dir - move target, f - domi's ghost
Aim: domi's ghost (about 42% to evade your staff of conjuration)
Your weapon can't reach that far!
Okay, then.
As you read the scroll of teleportation, it crumbles to dust.
You feel strangely unstable. The orc barely misses you.
The orc attacks as you move away! The orc hits you but does no damage.
Space warps horribly around you!!
* * * LOW HITPOINT WARNING * * *
You take 21 damage, and have 2/83 hp.
MASSIVE DAMAGE!!
The orc attacks as you move away! The orc misses you.
The orc attacks as you move away! The orc hits you but does no damage.
Space warps horribly around you!
You die...

≈≈~.##
#8.......))....8##.##>[.
#~~~.###
#...............##.#####
∩_...'.##########.#########.#
# #~~~.#......# #..# #.# #
≈≈~.#######.# #.## #.# #
##### #.# #.# #.##### .#
#.####W# #...... .# #.....o#
####### .# ######@# # .# #.#
# .# #.# # .# #.# # .# #.# #
.# #.# # .############# #.#
####### .##..........# #.#
#...... .##.########.# #.#
#.###>#


You could see domi's ghost and an orc.

Vanquished Creatures
  Amaemon (D:8)
  An orange demon (D:8)
  Maggie (D:6)
  Sigmund (D:2)
  A steam dragon (D:6)
  2 water moccasins (D:6)
  2 orc warriors
  4 ice beasts
  2 sky beasts
  A phantom (D:6)
  4 centaurs
  3 scorpions (D:5)
  4 wights (D:7)
  5 killer bees (D:8)
  5 howler monkeys
  A crimson imp (D:7)
  5 hounds
  3 orc priests
  5 jellies
  A sleepcap (D:8)
  4 iguanas
  14 orc wizards
  Terence (D:2)
  11 adders
  2 shadow imps
  4 white imps
  2 dart slugs (D:4)
  51 orcs
  2 bats (D:1)
  11 endoplasms
  6 giant cockroaches
  8 goblins
  15 hobgoblins
  A jackal (D:4)
  3 kobolds
  4 quokkas
  11 ball pythons
  3 frilled lizards (D:1)
  9 rats
214 creatures vanquished.

Vanquished Creatures (others)
  7 fulminant prisms
  17 plants (D:4)
24 creatures vanquished.

Grand Total: 238 creatures vanquished

Notes
Turn   | Place    | Note
-------+----------+-------------------------------------------
     0 | D:1      | jasper the Demigod Conjurer began the quest for the Orb.
     0 | D:1      | Reached XP level 1. HP: 14/14 MP: 5/5
   190 | D:1      | Reached XP level 2. HP: 22/22 MP: 5/7
   217 | D:1      | Learned a level 2 spell: Searing Ray
   633 | D:1      | Reached skill level 4 in Conjurations
   904 | D:1      | Reached XP level 3. HP: 27/27 MP: 5/8
   909 | D:1      | Learned a level 3 spell: Dazzling Flash
  1260 | D:2      | Noticed Terence
  1262 | D:2      | Reached skill level 1 in Fighting
  1272 | D:2      | Killed Terence
  1442 | D:2      | Identified the +3 mace of the Dungeon {venom, Fly Int+2}
  1519 | D:2      | Noticed Sigmund
  1674 | D:3      | Reached XP level 4. HP: 35/35 MP: 5/10
  2640 | D:4      | Reached XP level 5. HP: 30/41 MP: 6/11
  2870 | D:4      | Reached skill level 5 in Conjurations
  2884 | D:5      | Entered Level 5 of the Dungeon
  3040 | D:5      | Reached XP level 6. HP: 47/48 MP: 2/13
  3057 | D:5      | Learned a level 4 spell: Fulminant Prism
  3174 | D:5      | Found a staircase to the Ecumenical Temple.
  3488 | D:5      | Reached XP level 7. HP: 56/56 MP: 11/15
  3807 | D:5      | Reached skill level 6 in Conjurations
  4666 | D:6      | Reached XP level 8. HP: 57/66 MP: 10/17
  4671 | D:6      | Learned a level 4 spell: Iskenderun's Mystic Blast
  4816 | D:6      | Noticed Maggie
  4819 | D:6      | Reached skill level 7 in Conjurations
  4825 | D:6      | Killed Maggie
  6063 | D:6      | Reached skill level 5 in Dodging
  6612 | D:7      | Reached skill level 8 in Conjurations
  6614 | D:7      | Reached XP level 9. HP: 31/73 MP: 5/20
  6615 | D:7      | Reached skill level 5 in Spellcasting
  6634 | D:7      | Reached skill level 5 in Fighting
  7223 | D:7      | Found Ikidwyg's General Store.
  7229 | D:7      | Bought a scroll of teleportation for 33 gold pieces
  7304 | D:7      | You fall into a shaft and drop 2 floors!
  7565 | D:8      | Found a staircase to the Lair.
  7700 | D:8      | Noticed Amaemon
  7715 | D:8      | Noticed an orange demon
  7723 | D:8      | Killed Amaemon
  7728 | D:8      | Killed an orange demon
  7729 | D:8      | Reached skill level 9 in Conjurations
  8454 | D:4      | Found Toylest's Book Shoppe.
  8474 | D:4      | Bought a book of Minor Magic for 180 gold pieces
  8478 | D:4      | Learned a level 3 spell: Mephitic Cloud
  8478 | D:4      | Bought Sif Muna's Incunabulum of Feculent Algor for 280
                  | gold pieces
  8661 | D:2      | Killed Sigmund
  9439 | D:4      | Learned a level 3 spell: Tukima's Dance
  9753 | D:7      | Found a runed translucent gate.
  9753 | D:7      | Found a runed translucent gate.
  9754 | D:7      | Noticed domi's ghost (novice DrTm)
  9757 | D:7      | Found a runed translucent gate.
  9761 | D:7      | Identified the +0 chain mail of Tilos {rF+ rN+}
  9898 | D:7      | Reached XP level 10. HP: 53/83 MP: 12/23
  9932 | D:7      | HP: 1/83 [orc/+0 hand axe of distortion (22)]
  9934 | D:7      | Mangled by an orc

Illustrated notes

Levels and vault maps discovered:
D:1:      mrwooster_arrival_statue_3, layout_basic, minmay_hedge_maze
D:2:      layout_rooms, minmay_small_reverse_x, uniq_sigmund, uniq_terence
D:3:      layout_loops_ring, kennysheep_orc_sif_temple
D:4:      layout_basic, mainiacjoe_overflow_concentric_impassable,
          minmay_misc_feat_rows, kennysheep_diamond, eino_tiny_chamber,
          serial_bayou_pond_c, kennysheep_generic_room_7
D:5:      layout_loops_ring, minmay_temple_entry_hall, kennysheep_generic_room_8
D:6:      layout_layer_cave, mainiacjoe_overflow_24_doors,
          amcnicky_altar_gilded, uniq_maggie
D:7:      layout_loops_ring, makhleb_grotto_becter, biasface_ghost_orc_armoury,
          serial_shops, shop
D:8:      layout_basic, lair_entry_dummy, special_room [special_room_orc],
          grunt_decor_cap, uniq_amaemon
D:9:      layout_roguey

Skill      XL: |  1  2  3  4  5  6  7  8  9 |
---------------+----------------------------+-----
Dodging        | 2 3 4 5 6 |  6.5
Spellcasting   | 2 3 4 6 |  6.1
Conjurations   | 4 5 6 8 9 |  9.1
Fighting       | 1 2 3 4 6 |  6.1
Staves         | |  0.7
Stealth        | |  1.7

Action                     |  1- 3 |  4- 6 |  7- 9 | 10-12 || total
---------------------------+-------+-------+-------+-------++-------
  Melee: Spear             |     2 |       |       |       ||     2
         Rapier            |       |    31 |    15 |       ||    46
         Staff             |       |       |    15 |    11 ||    26
         Demon whip        |       |       |     6 |       ||     6
   Cast: Magic Dart        |    70 |    77 |   184 |       ||   331
         Searing Ray       |     1 |     9 |    46 |       ||    56
         Fulminant Prism   |       |       |     6 |     1 ||     7
         Mephitic Cloud    |       |       |     1 |       ||     1
         Iskenderun's Myst |       |       |     1 |       ||     1
  Evoke: Wand              |       |       |     9 |       ||     9
    Use: Scroll            |       |     9 |     7 |     2 ||    18
         Potion            |       |       |     2 |       ||     2
   Stab: Sleeping          |       |       |     1 |       ||     1
         Confused          |       |       |     1 |       ||     1
 Armour: Robe              |     1 |     9 |     3 |     2 ||    15
         Steam dragon scal |       |       |    24 |       ||    24
  Dodge: Dodged            |     5 |    28 |   120 |    14 ||   167

Table legend: (Time is in decaauts)
 A = Elapsed time spent in this place.
 B = Non-inter-level travel time spent in this place.
 C = Inter-level travel time spent in this place.
 D = Time resting spent in this place.
 E = Time spent auto-exploring this place.
 F = Levels seen in this place.
 G = Mean time per level.
                   A        B        C        D        E       F      G
               +--------+--------+--------+--------+--------+-----+--------+
         Total |   9957 |   9597 |    360 |   1102 |   7352 |   9 | 1106.3 |
       Dungeon |   9957 |   9597 |    360 |   1102 |   7352 |   9 | 1106.3 |
               +--------+--------+--------+--------+--------+-----+--------+

Top non-repeatable levels by time:
     D:6: 2158 daAuts
     D:7: 1433 daAuts
     D:5: 1274 daAuts
     D:1: 1190 daAuts
     D:4: 1165 daAuts
     D:3: 1033 daAuts
     D:8: 905 daAuts
     D:2: 725 daAuts
     D:9: 71 daAuts
